 Dungeon Crawl Stone Soup version 0.25-a0-294-gea9b1ad378 (webtiles) character file.

Game seed: 6788901282604881533, levelgen mode: classic

12501 Borgoz the Cleaver (level 11, -23/71 HPs)
             Began as a Gargoyle Gladiator on Dec 17, 2019.
             Was a Priest of Dithmenos.
             Annihilated by a minotaur
             ... wielding a +0 demon trident of venom
              (27 damage)
             ... in a Gauntlet.
             The game lasted 00:21:37 (13296 turns).

Borgoz the Cleaver (Gargoyle Gladiator)            Turns: 13296, Time: 00:21:37

Health: -23/71     AC: 22    Str: 25    XL:     11   Next: 94%
Magic:  11/11      EV: 16    Int:  8    God:    Dithmenos [***...]
Gold:   643        SH:  5    Dex: 13    Spells: 10/10 levels left

rFire    + . .     SeeInvis .   a - +3 hand axe
rCold    + . .     Gourm    .   D - +0 buckler {AC+3}
rNeg     + + .     Faith    .   c - +2 leather armour of Gojia {rF+}
rPois    ∞         Spirit   .   d - +0 hat of Ru's Displeasure {rN+ MR+ Str+5} (curse)
rElec    +         Reflect  .   E - +0 cloak
rCorr    .         Harm     .   n - +0 pair of gloves
MR       +....     NoTele   +   g - +1 pair of boots {Stlth+}
Stlth    +++.......             (no amulet)
HPRegen  0.21/turn              h - ring of protection from cold
MPRegen  0.12/turn              (no ring)

@: wreathed by umbra, studying Throwing
A: negative energy resistance 1, electricity resistance, unbreathing,
petrification resistance, rot immunity, AC +8
a: Shadow Step, Renounce Religion


You were in a Gauntlet.
You worshipped Dithmenos.
Dithmenos was most pleased with you.
You were not hungry.

You visited 2 branches of the dungeon, and saw 12 of its levels.
You also visited: Gauntlet.

You collected 643 gold pieces.

Inventory:

Hand Weapons
 a - a +3 hand axe (weapon)
 y - a +0 battleaxe
Armour
 c - the +2 leather armour of Gojia (worn) {rF+}
   (You found it on level 10 of the Dungeon)

   It protects you from fire.
 d - the cursed +0 hat of Ru's Displeasure (worn) {rN+ MR+ Str+5}
   (You found it on level 10 of the Dungeon)

   It affects your strength (+5).
   It protects you from negative energy.
   It affects your resistance to hostile enchantments.
   It has a curse placed upon it.
 g - a +1 pair of boots of stealth (worn)
 k - the +2 pair of gloves "Nant" {rF- rC+ Int+6}
   (You found it in a Gauntlet)

   It affects your intelligence (+6).
   It makes you vulnerable to fire.
   It protects you from cold.
 n - a +0 pair of gloves (worn)
 D - a +0 buckler of protection (worn)
 E - a +0 cloak (worn)
Jewellery
 h - a ring of protection from cold (left hand)
Wands
 s - a wand of random effects (23)
 t - a wand of polymorph (5)
 B - a wand of digging (11)
 G - a wand of paralysis (6)
Scrolls
 b - a scroll of summoning {unknown}
 e - a scroll of magic mapping
 l - a scroll of enchant armour
 m - 2 scrolls of remove curse
 o - 2 scrolls of fear {unknown}
 p - a scroll of teleportation
 q - 2 scrolls of fog {unknown}
 r - a scroll of immolation {unknown}
 v - a scroll of amnesia {unknown}
 A - a scroll of silence
Potions
 i - 2 potions of flight
 j - 3 potions of brilliance
 w - a potion of cancellation
 z - a potion of mutation
Books
 F - a manual of Throwing
Comestibles
 f - 23 rations


   Skills:
 + Level 9.1 Fighting
 * Level 10.7 Axes
 - Level 1.7 Throwing
 * Level 9.8 Armour
 + Level 7.1 Dodging
 + Level 4.3 Shields


You had 10 spell levels left.
You didn't know any spells.
Your spell library contained the following spells:

 Spells                   Type           Power        Failure   Level  Hunger
 Foxfire                  Conj/Fire      #...         43%         1    ##.....
 Infusion                 Chrm           #...         43%         1    ##.....
 Shroud of Golubria       Chrm/Tloc      #.....       58%         2    ###....
 Song of Slaying          Chrm           #.......     58%         2    ###....
 Conjure Flame            Conj/Fire      #.......     82%         3    ####...
 Inner Flame              Hex/Fire       #.......     82%         3    ####...
 Regeneration             Chrm/Necr      #.........   82%         3    ####...
 Spectral Weapon          Hex/Chrm       #.......     82%         3    ####...
 Sticky Flame             Conj/Fire      #.......     99%         4    #####..
 Fireball                 Conj/Fire      #.........   100%        5    ######.


Dungeon Overview and Level Annotations

Branches:
Dungeon (11/15)            Temple (1/1) D:6            Lair (0/6) D:8
Gauntlet (1/1)
    Orc: D:9-12

Altars:
Ashenzari
Cheibriados
Dithmenos
Elyvilon
Fedhas
Gozag
Hepliaklqana
Kikubaaqudgha
Makhleb
Nemelex Xobeh
Okawaru
Qazlal
Ru
Sif Muna
Trog
Uskayaw
Vehumet
Wu Jian
Xom
Yredelemnul
Zin
The Shining One
Beogh

Shops:
D:7 (

Annotations:
D:10 Luthien's ghost, novice DECj Gauntlet 8 transporters, exclusion: orange crystal statue


Innate Abilities, Weirdness & Mutations

You are resistant to torment.
Your stone body is resilient. (AC +8)
You are immune to poison.
You resist negative energy. (rN+)
You are resistant to electric shocks. (rElec)
You can survive without breathing.
You are immune to petrification.
You are immune to rotting.


Message History

Okay, then.
Evoke which item? (* to show all) (? for menu, Esc to quit)
Aiming: Random Effects
Press: ? - help, Shift-Dir - straight line, f/p - minotaur
Aim: a minotaur, wielding a +0 demon trident of venom, wearing a +0 plate armour, wearing an uncursed ring of protection from magic and quivering 21 silver javelins (moderately wounded, umbra)
The bolt of negative energy hits the minotaur!
The minotaur is drained!
The minotaur is heavily wounded.
The minotaur completely misses you.
The minotaur gores you but does no damage.
Evoke which item? (* to show all) (? for menu, Esc to quit)
Aiming: Random Effects
Press: ? - help, Shift-Dir - straight line, f/p - minotaur
Aim: a minotaur, wielding a +0 demon trident of venom, wearing a +0 plate armour, wearing an uncursed ring of protection from magic and quivering 21 silver javelins (heavily wounded, lightly drained, umbra)
The fireball explodes!
The fireball engulfs the minotaur!
The minotaur is severely wounded.
The fireball engulfs you. You resist.
* * * LOW HITPOINT WARNING * * *
The minotaur hits you with a +0 demon trident of venom!!
You die...

..........P...∩...PP.............
≈≈≈#≈≈≈#..♣P.....P♣..#≈≈≈#≈≈≈#≈≈≈
#≈###≈###...........###≈###≈###≈#
### ### ################# ### ###
.................#
#.♣.♣.©.©.©.©.♣.♣.#
.................#
###.#.#######.#.### #.#..
#.@..#.# # #.# #H##.# # ... ....
##'# ..#.# 8. #..#.# #.. #... #
#8 #.8# #= ##


You could see a minotaur.

Vanquished Creatures
  Josephine (D:10)
  Erica (D:9)
  A death yak (D:7)
  A moth of wrath (Gauntlet)
  Joseph (D:9)
  An ice statue (Gauntlet)
  2 rime drakes (Gauntlet)
  2 trolls
  Grinder (D:3)
  2 hornets
  7 hippogriffs
  A wyvern (D:8)
  3 yaks (D:10)
  A basilisk (D:8)
  4 wraiths
  Menkaure (D:7)
  A hungry ghost (D:8)
  12 ice beasts
  6 orc warriors
  A phantom (D:6)
  2 sky beasts
  4 ogres
  A centaur (D:6)
  4 wolves (Gauntlet)
  A crocodile (D:8)
  3 big kobolds
  3 bullfrogs
  A gnoll sergeant (D:7)
  A wyvern zombie (D:7)
  2 scorpions
  8 wights
  4 electric eels (D:10)
  A bullfrog zombie (D:9)
  5 crimson imps
  A jelly (D:9)
  A quasit (D:10)
  2 hounds
  6 orc priests
  A bullfrog skeleton (D:10)
  2 centaur skeletons
  4 orc wizards
  Ijyb (D:3)
  6 worker ants
  2 iguanas
  2 hound skeletons
  A worker ant zombie (D:8)
  5 adders
  16 gnolls
  A howler monkey skeleton (D:5)
  4 shadow imps
  3 oozes
  An adder skeleton (D:4)
  3 worms
  2 dart slugs
  5 leopard geckos
  20 orcs
  6 giant cockroaches
  6 goblins
  7 hobgoblins
  8 jackals
  20 kobolds
  3 quokkas
  8 bats
  3 frilled lizards
  A quokka skeleton (D:8)
  9 rats
250 creatures vanquished.

Vanquished Creatures (others)
  2 fungi
  3 plants (Gauntlet)
  5 toadstools (D:2)
10 creatures vanquished.

Grand Total: 260 creatures vanquished

Notes
Turn   | Place    | Note
-------+----------+-------------------------------------------
     0 | D:1      | Borgoz the Gargoyle Gladiator began the quest for the Orb.
     0 | D:1      | Reached XP level 1. HP: 12/12 MP: 1/1
   180 | D:1      | Reached XP level 2. HP: 15/18 MP: 2/2
   335 | D:1      | Reached skill level 3 in Axes
   521 | D:1      | Reached skill level 1 in Armour
   638 | D:1      | Reached XP level 3. HP: 22/22 MP: 3/3
  2191 | D:3      | Found an opulent altar of Gozag.
  2194 | D:3      | Noticed Ijyb
  2249 | D:4      | Reached XP level 4. HP: 2/27 MP: 4/4
  2618 | D:4      | Reached XP level 5. HP: 23/32 MP: 5/5
  2776 | D:4      | Found a shattered altar of Ashenzari.
  2826 | D:4      | Reached skill level 4 in Axes
  3013 | D:4      | Reached XP level 6. HP: 25/37 MP: 6/6
  3258 | D:3      | Noticed Grinder
  3267 | D:3      | Paralysed by Grinder for 2 turns
  3274 | D:3      | Paralysed by Grinder for 3 turns
  3281 | D:3      | Paralysed by Grinder for 3 turns
  3288 | D:3      | Killed Grinder
  3288 | D:3      | Reached skill level 5 in Axes
  3288 | D:3      | Reached XP level 7. HP: 15/43 MP: 7/7
  3706 | D:3      | Killed Ijyb
  4142 | D:5      | Entered Level 5 of the Dungeon
  4310 | D:5      | Reached XP level 8. HP: 28/48 MP: 8/8
  4715 | D:5      | Found a radiant altar of Vehumet.
  4812 | D:5      | Found a sparkling altar of Nemelex Xobeh.
  4812 | D:5      | Found a shadowy altar of Dithmenos.
  4814 | D:5      | Found a basalt altar of Yredelemnul.
  4814 | D:5      | Found a hazy altar of Hepliaklqana.
  4814 | D:5      | Found a shimmering altar of Xom.
  5121 | D:6      | Found a staircase to the Ecumenical Temple.
  5129 | D:6      | Reached skill level 6 in Axes
  5135 | D:6      | Reached skill level 5 in Fighting
  5220 | Temple   | Entered the Ecumenical Temple
  5409 | Temple   | Became a worshipper of Dithmenos the Shadowed
  5678 | D:6      | Noticed a troll
  5701 | D:6      | Killed a troll
  5701 | D:6      | Reached skill level 5 in Armour
  5920 | D:6      | Found a radiant altar of Vehumet.
  6130 | D:7      | Reached skill level 7 in Axes
  6130 | D:7      | Reached XP level 9. HP: 52/55 MP: 9/9
  6679 | D:7      | Reached skill level 5 in Dodging
  6733 | D:7      | Found a stormy altar of Qazlal.
  6739 | D:7      | Reached * piety under Dithmenos
  6852 | D:7      | Noticed Menkaure
  6861 | D:7      | Killed Menkaure
  7128 | D:7      | Found a basalt altar of Yredelemnul.
  7130 | D:7      | Found a glowing golden altar of the Shining One.
  7130 | D:7      | Found a white marble altar of Elyvilon.
  7153 | D:7      | Found a hide-covered altar of Uskayaw.
  7269 | D:7      | Found Taots's Antique Weapon Shoppe.
  7361 | D:8      | Found a staircase to the Lair.
  7361 | D:8      | Noticed a death yak
  7404 | D:7      | HP: 1/56 [death yak (16)]
  7405 | D:7      | Killed a death yak
  7405 | D:7      | Reached skill level 8 in Axes
  7726 | D:8      | Reached XP level 10. HP: 49/63 MP: 10/10
  7822 | D:8      | HP: 1/63 [orc warrior/+0 long sword (4)]
  8230 | D:8      | Reached skill level 9 in Axes
  8931 | D:8      | Reached ** piety under Dithmenos
  9228 | D:9      | Found an ancient bone altar of Kikubaaqudgha.
  9328 | D:9      | Noticed Joseph
  9363 | D:9      | Killed Joseph
  9363 | D:9      | Reached skill level 1 in Shields
  9717 | D:9      | Noticed Erica
  9756 | D:9      | Killed Erica
  9756 | D:9      | Reached XP level 11. HP: 51/68 MP: 11/11
  9856 | D:10     | Entered Level 10 of the Dungeon
  9907 | D:10     | Noticed Josephine
  9919 | D:10     | Killed Josephine
  9919 | D:10     | Reached skill level 10 in Axes
  9920 | D:10     | Found a runed translucent gate.
  9920 | D:10     | Found a runed translucent gate.
 10329 | D:10     | Got a pitted leather armour
 10340 | D:10     | Identified the +2 leather armour of Gojia {rF+} (You found
                  | it on level 10 of the Dungeon)
 10348 | D:10     | Found a runed translucent gate.
 10351 | D:10     | Noticed Luthien's ghost (novice DECj)
 10354 | D:10     | Found a roughly hewn altar of Beogh.
 10452 | D:10     | Reached *** piety under Dithmenos
 11285 | D:10     | Got a twisted hat
 11509 | D:9      | Identified the cursed +0 hat of Ru's Displeasure {rN+ MR+
                  | Str+5} (You found it on level 10 of the Dungeon)
 11612 | D:11     | Found a sparkling altar of Nemelex Xobeh.
 11681 | D:11     | Found a gate leading to a gauntlet.
 11690 | Gauntlet | Entered a Gauntlet
 11690 | Gauntlet | Found a transporter.
 11697 | Gauntlet | Found a transporter.
 11699 | Gauntlet | Found a transporter.
 11706 | Gauntlet | Noticed a moth of wrath
 11708 | Gauntlet | Found a transporter.
 11710 | Gauntlet | Found a transporter.
 11716 | Gauntlet | Noticed an orange crystal statue
 11718 | Gauntlet | Found a transporter.
 11733 | Gauntlet | Noticed a dire elephant
 11734 | Gauntlet | Found a transporter.
 11744 | Gauntlet | Found a transporter.
 11747 | Gauntlet | Found the ring of the Octopus King
 11747 | Gauntlet | Noticed a death drake
 11754 | Gauntlet | Found a transporter.
 11763 | Gauntlet | Noticed a sixfirhy
 11764 | Gauntlet | Noticed a sixfirhy
 11766 | Gauntlet | Found a transporter.
 11766 | Gauntlet | Found a transporter.
 11780 | Gauntlet | Found a transporter.
 11800 | Gauntlet | Found a transporter.
 11800 | Gauntlet | Found a transporter.
 11802 | Gauntlet | Noticed a queen ant
 11837 | Gauntlet | Noticed a sixfirhy
 12206 | Gauntlet | HP: 3/69 [ice statue] (10)]
 12748 | Gauntlet | Killed a moth of wrath
 12998 | Gauntlet | Got a pair of bloodstained gloves
 13015 | Gauntlet | Identified the +2 pair of gloves "Nant" {rF- rC+ Int+6}
                  | (You found it in a Gauntlet)
 13172 | Gauntlet | Noticed a minotaur
 13296 | Gauntlet | Annihilated by a minotaur

Levels and vault maps discovered:
D:1:      dpeg_arrival_rooms_b, layout_basic, nrook_campfire
D:2:      layout_loops_ring, minmay_gold_behind_fungi
D:3:      layout_basic, first_ration, grunt_gozag_statues, uniq_ijyb,
          uniq_grinder
D:4:      layout_basic, evilmike_ruin_ashenzari
D:5:      layout_basic, doesnt_xom_only_xom
D:6:      layout_gridville, old_standard_altar,
          minmay_temple_entry_gardened_gates
D:7:      layout_basic, kennysheep_little_box, grunt_temple_overflow_open,
          serial_shops, shop_statue, uniq_menkaure
D:8:      layout_cave_pools, david_lair_generic, grunt_ogre_cave,
          minmay_manual_monstrance
D:9:      layout_rooms, kiku_gazebo_garden_becter, uniq_joseph, uniq_erica
D:10:     minmay_twisted_water, layout_rooms, biasface_ghost_orc_armoury,
          uniq_josephine
D:11:     layout_irregular_city, gauntlet_entry_generic, nemelex_altar_shiori
Temple:   eino_narrow_crystal_temple
Gauntlet: minmay_gauntlet_77_tree [minmay_gauntlet_arena_77_squiggly,
          minmay_gauntlet_arena_77_checkered, minmay_gauntlet_arena_77_museum,
          minmay_gauntlet_arena_77_terracotta_army,
          minmay_gauntlet_arena_77_hold_the_fort,
          minmay_gauntlet_arena_77_braids,
          minmay_gauntlet_arena_77_broken_ladder,
          nicolae_gauntlet_exit_dead_adventurers]

Skill      XL: |  1  2  3  4  5  6  7  8  9 10 11 |
---------------+----------------------------------+-----
Axes           | 3 4 5 7 8 9 10 | 10.7
Armour         | 1 2 3 4 5 6 8 9 |  9.8
Fighting       | 3 4 5 7 8 9 |  9.1
Dodging        | 3 4 5 6 7 |  7.1
Shields        | 2 4 |  4.3
Throwing       | |  1.7

Action                   |  1- 3 |  4- 6 |  7- 9 | 10-12 || total
-------------------------+-------+-------+-------+-------++-------
Melee: War axe           |   137 |   103 |   352 |   151 ||   743
       Unarmed           |    14 |       |     5 |       ||    19
       Hand axe          |       |       |       |   677 ||   677
Throw: Throwing net      |       |       |     5 |     1 ||     6
Invok: Shadow Step       |       |       |       |     1 ||     1
Evoke: Wand              |       |       |     1 |    13 ||    14
  Use: Scroll            |       |     4 |     4 |    10 ||    18
       Potion            |       |       |     1 |    10 ||    11
 Stab: Held in net/web   |       |       |     1 |     2 ||     3
       Paralysed         |       |       |       |    11 ||    11
  Eat: Chunk             |     4 |     4 |    14 |    18 ||    40
       Ration            |       |       |       |     1 ||     1
Armor: Leather armour    |    64 |    55 |    12 |   125 ||   256
       Scale mail        |       |       |   191 |    98 ||   289
       Ring mail         |       |       |       |   115 ||   115
Dodge: Dodged            |   130 |    61 |   262 |   593 ||  1046
Block: Buckler           |       |       |       |   137 ||   137

Table legend:
 A = Non-vault XP
 B = Vault XP
 C = Vault XP percentage of total XP
 D = Non-vault monster count
 E = Vault monster count
 F = Vault count percentage of total count
                 A         B        C        D         E       F
            +---------+---------+-------+---------+---------+-------
      Total |    7994 |    9865 |  55.2 |     203 |      47 |  18.8
            +---------+---------+-------+---------+---------+-------
        D:1 |      48 |       0 |   0.0 |      27 |       0 |   0.0
        D:2 |      22 |       0 |   0.0 |      13 |       0 |   0.0
        D:3 |     241 |     331 |  57.9 |      30 |       2 |   6.2
        D:4 |     320 |       0 |   0.0 |      16 |       0 |   0.0
        D:5 |     347 |       0 |   0.0 |      14 |       0 |   0.0
        D:6 |     900 |       0 |   0.0 |       9 |       0 |   0.0
        D:7 |    1030 |    1060 |  50.7 |      27 |       2 |   6.9
        D:8 |    1679 |    1431 |  46.0 |      25 |       8 |  24.2
        D:9 |     999 |    1812 |  64.5 |      17 |       4 |  19.0
       D:10 |    1889 |    3101 |  62.1 |      22 |      23 |  51.1
       D:11 |     519 |       0 |   0.0 |       3 |       0 |   0.0
   Gauntlet |       0 |    2130 | 100.0 |       0 |       8 | 100.0
            +---------+---------+-------+---------+---------+-------
